 Dungeon Sprint DCSS version 0.30-a0-800-g7c544603b3 (webtiles) character file.

Game seed: 14520712342981546437

253 rocky1 the Basher (level 6, 0/59 HPs)
             Began as an Ogre Gladiator on Feb 22, 2023.
             Slain by a centaur (2 damage)
             ... in the Dungeon (Sprint IX: "|||||||||||||||||||||||||||||").
             The game lasted 00:00:20 (46 turns).

rocky1 the Basher (Ogre Gladiator)                    Turns: 46, Time: 00:00:21

Health: 0/59       AC:  3    Str: 21    XL:     6   Next: 14%
Magic:  6/6        EV: 10    Int:  9    God:
Gold:   0          SH:  0    Dex: 10    Spells: 5/5 levels left

rFire   . . .      SeeInvis .    a - +0 flail
rCold   . . .      Faith    .    (no shield)
rNeg    . . .      Spirit   .    b - +0 robe
rPois   .          Reflect  .    c - +0 hat
rElec   .          Harm     .    (no cloak)
rCorr   .          Rampage  .    (gloves unavailable)
Will    .....      NoTele   +    (boots unavailable)
Stlth   +                        (no amulet)
HPRegen 0.29/turn                (no ring)
MPRegen 0.10/turn                (no ring)

@: on berserk cooldown, slowed, very slow
A: large, unfitting armour, tough skin 1
a: no special abilities


You were in the Dungeon.
You visited 1 branch

Inventory:

Hand Weapons
 a - a +0 flail (weapon)
Missiles
 d - 3 throwing nets (quivered)
 e - a large rock
Armour
 b - a +0 robe (worn)
 c - a +0 hat (worn)
Scrolls
 k - a scroll of blinking
Potions
 f - a potion of curing
 g - a potion of heal wounds
 h - a potion of haste
 i - 2 potions of magic


   Skills:
 - Level 2.6 Fighting
 + Level 11.5 Maces & Flails
 - Level 2.0 Throwing
 - Level 2.6 Dodging


You had 5 spell levels left.
You didn't know any spells.
Your spell library was empty.

Dungeon Overview and Level Annotations

Branches:
Dungeon (1/1)

Altars:


Innate Abilities, Weirdness & Mutations

You are too large for most types of armour.
You have tough skin. (AC +1)


Message History

The ice beast hits you. The ice beast freezes you.
You hit the ice beast.
The ice beast is lightly wounded.
You bludgeon the ice beast!!
The ice beast is almost dead.
The ice beast barely misses you.
You thump the ice beast!
You kill the ice beast!
Your Maces & Flails skill increases to level 11!
You have reached level 6!
You feel stronger.
You completely miss the centaur. The centaur hits you.
* * * LOW HITPOINT WARNING * * *
The centaur barely misses you.
You hit the centaur but do no damage.
You are no longer berserk.
You are exhausted.
You feel yourself slow down.
You thump the centaur!
The centaur is heavily wounded.
The centaur hits you.
* * * LOW HITPOINT WARNING * * *
The centaur kicks you.
* * * LOW HITPOINT WARNING * * *
The centaur hits you.
* * * LOW HITPOINT WARNING * * *
The centaur barely misses you.
You hit the centaur but do no damage.
The centaur is heavily wounded.
The centaur hits you.
* * * LOW HITPOINT WARNING * * *
The centaur kicks you but does no damage.
The centaur hits you but does no damage.
The centaur barely misses you.
You barely miss the centaur.
The centaur is heavily wounded.
The centaur barely misses you. The centaur kicks you.
* * * LOW HITPOINT WARNING * * *
The centaur barely misses you. The centaur kicks you.
You die...

▓.▓
▓.▓
▓)▓
▓.▓
▓.▓
▓.▓
▓.▓
▓.▓
▓@▓
▓c▓
▓S▓
▓.▓
▓.▓
▓.▓
▓+▓


You could see a centaur and an adder.

Vanquished Creatures
  2 ice beasts (D)
  A necrophage (D)
  A giant cockroach (D)
  A quokka (D)
  A kobold (D)
  2 rats (D)
8 creatures vanquished.

Notes
Turn   | Place    | Note
-------+----------+-------------------------------------------
     0 | D        | rocky1 the Ogre Gladiator began the quest for the Orb.
     0 | D        | Reached XP level 1. HP: 22/22 MP: 1/1
    10 | D        | Reached skill level 3 in Maces & Flails
    16 | D        | Reached skill level 4 in Maces & Flails
    23 | D        | Noticed a necrophage
    23 | D        | Noticed an ice beast
    23 | D        | Noticed an ice beast
    23 | D        | Noticed a centaur
    29 | D        | Killed a necrophage
    30 | D        | Reached skill level 7 in Maces & Flails
    30 | D        | Reached XP level 2. HP: 28/29 MP: 2/2
    30 | D        | Reached XP level 3. HP: 35/36 MP: 3/3
    30 | D        | Reached XP level 4. HP: 43/44 MP: 4/4
    37 | D        | Killed an ice beast
    38 | D        | Reached skill level 10 in Maces & Flails
    38 | D        | Reached XP level 5. HP: 34/50 MP: 5/5
    41 | D        | Killed an ice beast
    42 | D        | Reached skill level 11 in Maces & Flails
    42 | D        | Reached XP level 6. HP: 31/59 MP: 6/6
    46 | D        | HP: 2/59 [centaur (3)]
    46 | D        | Slain by a centaur

Illustrated notes

Levels and vault maps discovered:
D:        linesprint [early_d, line_temple, items_1, d_10, items_2, lair_1,
          lair_end, items_3, orc_1, orc_end, items_4, d_15, swamp_1, shoals_1,
          snake_1, spider_1, d_20, vaults_1, items_5, swamp_end, shoals_end,
          snake_end, spider_end, vaults_end, d_27, items_6, zot_1, zot_end,
          crypt_end, forest_end, elf_end, slime_end, tomb_end, abyss_end,
          pan_hell_end]

Skill      XL: |  1  2  3  4  5 |
---------------+----------------+-----
Maces & Flails | 7 10 11 | 11.5
Fighting       | |  2.6
Throwing       | |  2.0
Dodging        | |  2.6

Action                     |  1- 3 |  4- 6 || total
---------------------------+-------+-------++-------
  Melee: Flail             |    18 |    16 ||    34
         Punch             |     1 |       ||     1
    Use: Potion            |     1 |       ||     1
 Armour: Robe              |     6 |     4 ||    10
  Dodge: Dodged            |     7 |     8 ||    15

Table legend: (Time is in decaauts)
 A = Elapsed time spent in this place.
 B = Non-inter-level travel time spent in this place.
 C = Inter-level travel time spent in this place.
 D = Time resting spent in this place.
 E = Time spent auto-exploring this place.
 F = Levels seen in this place.
 G = Mean time per level.
                   A        B        C        D        E       F      G
               +--------+--------+--------+--------+--------+-----+--------+
         Total |     44 |     44 |      0 |      0 |      0 |   1 |   44.0 |
       Dungeon |     44 |     44 |      0 |      0 |      0 |   1 |   44.0 |
               +--------+--------+--------+--------+--------+-----+--------+

Top non-repeatable levels by time:
       D: 44 daAuts
